Map: Sequencer LE

Players

PtitDrogo - Winner!

  • Race: Protoss Protoss
  • Spawn Location: 1:00

Allaryce

  • Race: Zerg Zerg
  • Spawn Location: 7:00

Event: WCS Valencia 2017

VOD

Have the link to the VOD?

Description

Time

  • Played on: July 13, 2017, 6:33 a.m.
  • Length: 8:01

All games in this series

Show
View Real Time Build Order
Export as new Build Order

PtitDrogo Protoss - Winner!

Build Orders: 1 Gate Expand 

Get SALT Encoding   

  12  0:01  Probe (Chrono Boost)  
  13  0:11  Probe (Chrono Boost)  
  14  0:21  Pylon  
  14  0:23  Probe (Chrono Boost)  
  15  0:40  Probe (Chrono Boost)  
  15  0:42  Gateway  
  16  0:50  Probe (Chrono Boost)  
  16  0:51  Assimilator  
  17  1:01  Probe (Chrono Boost)  
  19  1:11  Probe (Chrono Boost)  
  19  1:22  Nexus  
  19  1:26  Probe (Chrono Boost)  
  20  1:35  Cybernetics Core  
  20  1:39  Probe (Chrono Boost)  
  21  1:43  Assimilator  
  21  1:49  Probe (Chrono Boost)  
  21  1:54  Pylon  
  22  2:01  Probe (Chrono Boost)  
  23  2:12  Probe (Chrono Boost), Adept (Chrono Boost)  
  23  2:13  Warp Gate  
  26  2:24  Probe  
  26  2:29  Robotics Facility  
  27  2:33  Probe  
  30  2:38  Stalker (Chrono Boost)  
  30  2:40  Probe  
  31  2:50  Probe  
  31  2:54  Probe (Chrono Boost)  
  33  3:02  Probe (Chrono Boost)  
  34  3:06  Probe (Chrono Boost)  
  35  3:13  Probe (Chrono Boost)  
  35  3:17  Probe (Chrono Boost)  
  37  3:20  Gateway  
  37  3:21  Gateway  
  37  3:22  Mothership Core (Chrono Boost)  
  39  3:32  Immortal (Chrono Boost)  
  39  3:33  Probe  
  44  3:36  Pylon  
  44  3:40  Probe  
  44  3:47  Probe, Pylon  
  46  3:52  Probe  
  47  3:59  Probe, Assimilator  
  47  4:01  Assimilator  
  48  4:03  Probe  
  48  4:06  Warp Prism (Chrono Boost)  
  51  4:11  Probe  
  51  4:13  Probe  
  51  4:16  Adept  
  55  4:17  Sentry x2  
  55  4:23  Probe  
  60  4:25  Probe  
  60  4:28  Pylon  
  61  4:34  Pylon  
  61  4:35  Probe  
  62  4:45  Probe  
  62  4:47  Observer (Chrono Boost), Sentry x3  
  62  4:52  Probe  
  71  4:55  Probe, Pylon  
  71  4:59  Nexus  
  72  5:04  Pylon, Probe (Chrono Boost)  
  73  5:07  Probe (Chrono Boost)  
  74  5:16  Zealot  
  74  5:20  Probe (Chrono Boost), Twilight Council  
  77  5:21  Forge  
  77  5:33  Adept x2  
  81  5:37  Probe x2 (Chrono Boost)  
  81  5:42  Protoss Ground Weapons Level 1  
  83  5:47  Probe (Chrono Boost)  
  83  5:49  Probe (Chrono Boost)  
  85  5:55  Immortal  
  85  5:56  Charge (Chrono Boost)  
  85  5:58  Probe  
  86  6:06  Probe  
  86  6:09  Probe  
  86  6:10  Probe  
  89  6:14  Gateway x2  
  89  6:18  Probe  
  90  6:19  Gateway  
  90  6:20  Probe  
  90  6:21  Pylon  
  90  6:22  Probe  
  92  6:25  Gateway  
  92  6:29  Gateway  
  92  6:30  Probe x2  
  92  6:31  Pylon  
  94  6:34  Probe, Templar Archives  
  94  6:39  Immortal  
  99  6:52  Zealot x3  
  100  6:55  Probe x2  
  100  6:59  Probe  
  101  7:12  Zealot x3  
  101  7:15  Probe x2  
  109  7:17  Assimilator x2  
  109  7:18  Immortal  
  109  7:20  Zealot x3  
  119  7:24  Zealot x2  
  121  7:40  Zealot  
  121  7:41  Zealot  
  121  7:45  Zealot x3  
  121  7:48  Probe  
Show
View Real Time Build Order
Export as new Build Order

Allaryce Zerg 

Build Orders: Hatch First, Zergling Baneling 

Get SALT Encoding   

  12  0:01  Drone  
  13  0:13  Overlord  
  13  0:20  Drone  
  14  0:32  Drone x2  
  14  0:35  Drone  
  17  0:53  Hatchery  
  17  0:57  Drone  
  17  1:01  Extractor  
  17  1:02  Drone  
  17  1:16  Spawning Pool  
  16  1:20  Drone  
  16  1:22  Drone  
  18  1:35  Drone  
  19  1:40  Overlord  
  19  2:02  Zergling x2  
  19  2:03  Zergling x2  
  19  2:04  Queen  
  19  2:05  Metabolic Boost  
  23  2:10  Queen  
  23  2:14  Drone  
  26  2:18  Drone  
  26  2:21  Drone  
  28  2:34  Drone  
  28  2:35  Drone x2  
  31  2:37  Drone  
  32  2:47  Overlord  
  31  2:57  Zergling x4  
  33  3:03  Drone  
  34  3:07  Overlord  
  34  3:11  Baneling Nest  
  33  3:21  Drone  
  33  3:22  Drone x4  
  38  3:34  Drone x4  
  42  3:36  Queen  
  44  3:47  Overlord x2  
  44  3:50  Overlord  
  44  4:01  Spore Crawler  
  44  4:02  Spore Crawler  
  41  4:15  Zergling x10  
  41  4:16  Hatchery  
  45  4:26  Queen  
  45  4:28  Zergling x4  
  49  4:47  Baneling x6  
  49  4:48  Baneling x3  
  49  4:49  Baneling  
  49  4:50  Zergling x14  
  56  4:59  Evolution Chamber, Drone x2  
  57  5:00  Zergling x2  
  57  5:01  Zergling x2  
  55  5:30  Zergling x18  
  59  5:37  Zergling x4  
  57  5:50  Zerg Melee Weapons Level 1  
  57  5:52  Lair  
  53  6:00  Overlord  
  53  6:01  Queen  
  53  6:02  Queen  
  55  6:10  Drone x6  
  60  6:22  Extractor, Drone x5  
  60  6:23  Drone  
  65  6:27  Extractor  
  64  6:36  Drone x2  
  64  6:37  Drone  
  64  6:38  Overlord  
  53  6:59  Zergling x14  
  54  7:07  Zergling x2  
  54  7:08  Zergling x2  
  56  7:13  Zergling x2  
  53  7:19  Hydralisk Den  
  53  7:21  Baneling x5  
  53  7:22  Overseer  
  47  7:24  Zergling x2  
  47  7:25  Zergling x6  
  47  7:27  Baneling x4  
  50  7:32  Zergling x6  
  49  7:38  Zergling x2  
Tags
 
Add a new tag
Caveats
  • Supply blocks, unpowered buildings, or Contaminate may cause inaccurate times.
  • Supply counts are checked every 10 seconds.